 Dungeon Crawl Stone Soup version 0.20.0-10-g0535bb4 (webtiles) character file.

206 Kriby the Chopper (level 5, 27/48 HPs)
             Began as a Hill Orc Fighter on June 5, 2017.
             Quit the game on level 4 of the Dungeon.
             The game lasted 00:03:27 (3481 turns).

Kriby the Chopper (Hill Orc Fighter)                Turns: 3481, Time: 00:03:28

Health: 27/48      AC: 10    Str: 20    XL:     5   Next: 84%
Magic:  5/5        EV:  5    Int:  8    God:
Gold:   82         SH:  9    Dex: 10    Spells: 4/4 levels left

rFire    . . .     SeeInvis .   a - +1 war axe
rCold    . . .     Gourm    .   c - +0 shield
rNeg     . . .     Faith    .   p - +0 chain mail
rPois    .         Spirit   .   (no helmet)
rElec    .         Reflect  .   (no cloak)
rCorr    .         Harm     .   (no gloves)
MR       .....                  k - +0 pair of boots
Stlth    ..........             l - amulet of inaccuracy (curse)
Regen    0.2/turn               (no ring)
MPRegen  0.1/turn               (no ring)

@: fainting
A: no striking features
a: no special abilities


You were on level 4 of the Dungeon.
You were fainting.

You visited 1 branch of the dungeon, and saw 4 of its levels.

You collected 82 gold pieces.

Inventory:

Hand Weapons
 a - a +1 war axe (weapon)
Armour
 c - a +0 shield (worn)
 k - a +0 pair of boots (worn)
 p - a +0 chain mail (worn)
Jewellery
 l - a cursed amulet of inaccuracy (around neck)
 r - a +5 amulet of reflection
Wands
 n - a wand of polymorph (15/24)
Scrolls
 b - 2 scrolls of remove curse {unknown}
 j - a scroll of enchant weapon
 o - 3 scrolls of identify
 q - 2 scrolls of teleportation
Potions
 e - a potion of haste {unknown}
 h - 2 potions of brilliance {unknown}
 i - a potion of ambrosia {unknown}
 m - a potion of mutation {unknown}
 t - a potion of lignification {unknown}


   Skills:
 + Level 5.2 Fighting
 * Level 6.5 Axes
 - Level 3.2 Armour
 - Level 3.2 Shields


You had 4 spell levels left.
You didn't know any spells.

Dungeon Overview and Level Annotations

Branches:
Dungeon (4/15)
 Temple: D:4-7

Altars:
Hepliaklqana


Message History

The hungry ghost barely misses you.
You miss the hungry ghost.
The hungry ghost is severely damaged.
The hungry ghost hits you.
You are starving!
You miss the hungry ghost.
The hungry ghost is severely damaged.
The hungry ghost barely misses you.
You hit the hungry ghost.
The hungry ghost is severely damaged.
The hungry ghost hits you.
You feel somewhat more hungry.
You miss the hungry ghost.
The hungry ghost is severely damaged.
You block the hungry ghost's attack.
You miss the hungry ghost.
The hungry ghost is severely damaged.
The hungry ghost hits you.
You feel somewhat more hungry. The hungry ghost hits you.
You are fainting from starvation!
Are you sure you want to abandon this character and quit the game? (Confirm with "yes".)

### ###
#.#####.#
#<#.....#
#.#.###.#
#.#.###.#
#.....#.#
###.#.#.#
#.#.#@#
#.#.#.W......
#...#........
#####........
.........
#######+#


You could see a hungry ghost.

Vanquished Creatures
  A hound (D:3)
  5 adders
  2 oozes (D:1)
  4 worms
  3 leopard geckos
  4 orcs (D:3)
  A ball python (D:3)
  7 giant cockroaches
  15 hobgoblins
  5 jackals
  15 kobolds
  A quokka (D:3)
  7 bats
  5 frilled lizards
  15 goblins
  9 rats
99 creatures vanquished.

Notes
Turn   | Place    | Note
-------+----------+-------------------------------------------
     0 | D:1      | Kriby the Hill Orc Fighter began the quest for the Orb.
     0 | D:1      | Reached XP level 1. HP: 19/19 MP: 1/1
    44 | D:1      | Reached skill level 3 in Axes
   129 | D:1      | Reached XP level 2. HP: 15/27 MP: 2/2
   349 | D:1      | Reached skill level 4 in Axes
   440 | D:1      | Reached XP level 3. HP: 32/33 MP: 3/3
  1078 | D:2      | Reached XP level 4. HP: 20/41 MP: 4/4
  1296 | D:2      | Found a hazy altar of Hepliaklqana.
  1384 | D:2      | Reached skill level 5 in Axes
  2186 | D:3      | Reached XP level 5. HP: 43/47 MP: 5/5
  2584 | D:3      | Reached skill level 5 in Fighting
  2584 | D:3      | Reached skill level 6 in Axes
  3372 | D:4      | Noticed a hungry ghost
  3416 | D:4      | Paralysed by fainting for 12 turns
  3481 | D:4      | Quit the game

Skill      XL: |  1  2  3  4  5 |
---------------+----------------+-----
Axes           | 3 4 5 6 |  6.5
Fighting       | 4 5 |  5.2
Armour         | |  3.2
Shields        | |  3.2

Action                   |  1- 3 |  4- 6 || total
-------------------------+-------+-------++-------
Melee: War axe           |   163 |   324 ||   487
  Use: Scroll            |     2 |     5 ||     7
       Potion            |       |     1 ||     1
  Eat: Chunk             |     1 |     8 ||     9
       Meat ration       |       |     3 ||     3
       Bread ration      |       |     3 ||     3
       Royal jelly       |       |     2 ||     2
Armor: Scale mail        |    81 |    66 ||   147
       Chain mail        |       |   108 ||   108
Dodge: Dodged            |    51 |    87 ||   138
Block: Shield            |    96 |   152 ||   248
